 Dungeon Crawl Stone Soup version 0.22.1-1-ga44c0e5 (webtiles) character file.

608 Monsterracer the Conjurer (level 6, -11/45 HPs)
             Began as a Demigod Wizard on Oct 20, 2018.
             Mangled by an ogre
             ... wielding a +0 giant club
              (18 damage)
             ... on level 5 of the Dungeon.
             The game lasted 00:09:03 (5696 turns).

Monsterracer the Conjurer (Demigod Wizard)          Turns: 5696, Time: 00:09:04

Health: -11/45     AC:  2    Str: 12    XL:     6   Next: 99%
Magic:  15/15      EV: 12    Int: 24    God:
Gold:   173        SH:  0    Dex: 14    Spells: 4/13 levels left

rFire    . . .     SeeInvis .   b - +1 dagger (drain)
rCold    . . .     Gourm    .   (no shield)
rNeg     . . .     Faith    .   a - +0 robe
rPois    .         Spirit   .   q - +0 hat
rElec    .         Reflect  .   (no cloak)
rCorr    .         Harm     .   (no gloves)
MR       .....                  (no boots)
Stlth    ++........             (no amulet)
HPRegen  0.15/turn              f - +3 ring of slaying
MPRegen  0.14/turn              (no ring)

@: no status effects
A: high mp 1
a: no special abilities


You were on level 5 of the Dungeon.
You were not hungry.

You visited 1 branch of the dungeon, and saw 5 of its levels.

You collected 173 gold pieces.

Inventory:

Hand Weapons
 b - a +1 dagger of draining (weapon)
Missiles
 t - 3 throwing nets (quivered)
Armour
 a - a +0 robe (worn)
 j - a cursed +0 large shield
 q - a +0 hat (worn)
Jewellery
 f - a +3 ring of slaying (left hand)
Wands
 e - a wand of paralysis (15)
 o - a wand of clouds (4)
 p - a wand of flame (32)
Scrolls
 d - a scroll of remove curse
 g - a scroll of fear {unknown}
 h - a scroll of fog
 i - a scroll of teleportation {!r}
 k - a scroll of enchant armour {unknown}
 n - 2 scrolls of enchant weapon {unknown}
 r - a scroll of amnesia {unknown}
 s - a scroll of blinking {unknown}
 u - a scroll of immolation {unknown}
Potions
 l - a potion of brilliance
 m - 2 potions of resistance
 v - a potion of curing
 x - a potion of invisibility {unknown}
Comestibles
 c - 9 rations


   Skills:
 - Level 1.9 Dodging
 - Level 1.9 Stealth
 + Level 4.0 Spellcasting
 * Level 6.1 Conjurations
   Level 0.8 Summonings
 - Level 0.8 Translocations


You had 4 spell levels left.
You knew the following spells:

 Your Spells              Type           Power        Failure   Level  Hunger
a - Magic Dart            Conj           ####         1%          1    None
b - Conjure Flame         Conj/Fire      ###.....     9%          3    ##.....
c - Mephitic Cloud        Conj/Pois/Air  ##......     13%         3    ##.....
e - Blink                 Tloc           N/A          11%         2    #......

Your spell library contained the following spells:

 Spells                   Type           Power        Failure   Level  Hunger
 Call Imp                 Summ           #.......     11%         2    #......
 Slow                     Hex            #.......     14%         2    #......


Dungeon Overview and Level Annotations

Branches:
Dungeon (5/15)             Temple (0/1) D:4


Innate Abilities, Weirdness & Mutations

You have an increased reservoir of magic. (+10% MP)


Message History

There is a fountain of clear blue water here.
There is a staircase to the Ecumenical Temple here.
There is a stone staircase leading down here.
You climb downwards.
A jelly comes into view.
The jelly quivers.
Found a war axe and a scroll of remove curse.
Found a stone staircase leading up.
There is a stone staircase leading up here.
Casting: Magic Dart (safe; 1% risk of failure)
Confirm with . or Enter, or press ? or * to list all spells.
Aiming: Magic Dart (safe; 1% risk of failure)
Press: ? - help, Shift-Dir - straight line, f - jelly
Aim: a jelly The magic dart hits the jelly.
The jelly is moderately wounded.
The jelly hits you but does no damage.
You now have 14/15 mp.
Casting: Magic Dart (safe; 1% risk of failure)
Confirm with . or Enter, or press ? or * to list all spells.
Aiming: Magic Dart (safe; 1% risk of failure)
Press: ? - help, Shift-Dir - straight line, f/p - jelly
Aim: a jelly (moderately wounded)
The magic dart hits the jelly.
The jelly is heavily wounded.
The jelly hits you but does no damage.
You now have 13/15 mp.
Casting: Magic Dart (safe; 1% risk of failure)
Confirm with . or Enter, or press ? or * to list all spells.
Aiming: Magic Dart (safe; 1% risk of failure)
Press: ? - help, Shift-Dir - straight line, f/p - jelly
Aim: a jelly (heavily wounded)
The magic dart hits the jelly.
The jelly is heavily wounded.
The jelly hits you.
You are splashed with acid!
The acid burns!
You take 13 damage, and have 32/45 hp.
MASSIVE DAMAGE!!
You now have 12/15 mp.
Casting: Magic Dart (safe; 1% risk of failure)
Confirm with . or Enter, or press ? or * to list all spells.
Aiming: Magic Dart (safe; 1% risk of failure)
Press: ? - help, Shift-Dir - straight line, f/p - jelly
Aim: a jelly (heavily wounded)
The magic dart hits the jelly.
The jelly is heavily wounded.
The jelly hits you.
You are splashed with acid!
The acid burns!
You take 7 damage, and have 25/45 hp.
You now have 11/15 mp.
Casting: Magic Dart (safe; 1% risk of failure)
Confirm with . or Enter, or press ? or * to list all spells.
Aiming: Magic Dart (safe; 1% risk of failure)
Press: ? - help, Shift-Dir - straight line, f/p - jelly
Aim: a jelly (heavily wounded)
The magic dart hits the jelly.
The jelly is heavily wounded.
The jelly hits you. The acid corrodes you!
You are splashed with acid!
The acid burns!
* * * LOW HITPOINT WARNING * * *
You take 10 damage, and have 15/45 hp.
MASSIVE DAMAGE!!
You now have 10/15 mp.
Unknown command.
The jelly hits you.
* * * LOW HITPOINT WARNING * * *
You are splashed with acid!
The acid burns!
* * * LOW HITPOINT WARNING * * *
You take 10 damage, and have 5/45 hp.
MASSIVE DAMAGE!!
An ogre comes into view. It is wielding a giant club.
You are no longer corroded.
Casting: Magic Dart (safe; 1% risk of failure)
Confirm with . or Enter, or press ? or * to list all spells.
You can't see any susceptible monsters within range! (Use Z to cast anyway.)
The ogre shouts!
MP restored: 15
Okay, then.
Casting: Magic Dart (safe; 1% risk of failure)
Confirm with . or Enter, or press ? or * to list all spells.
Okay, then.
Casting: Magic Dart (safe; 1% risk of failure)
Confirm with . or Enter, or press ? or * to list all spells.
Aiming: Mephitic Cloud (safe; 13% risk of failure)
Press: ? - help, Shift-Dir - straight line, f - ogre, p - jelly
Aim: an ogre, wielding a giant club You miscast Mephitic Cloud.
You are very lightly contaminated with residual magic.
Sparks fly from your hands!
You now have 12/15 mp.
The jelly barely misses you.
Unknown command.
Found 4 gold pieces.
You open the door. The jelly hits you.
* * * LOW HITPOINT WARNING * * *
You are splashed with acid!
The acid burns!
* * * LOW HITPOINT WARNING * * *
You take 8 damage, and have 3/45 hp.
There is an open door here.
The jelly hits you but does no damage.
MP restored: 15
There is a stone staircase leading up here.
The jelly closely misses you.
Your magical contamination has completely faded away.
Unknown command.
The ogre hits you with a giant club!!
You die...

.......... ....... .
....< .. #..# #####
#####..
##..###...###.$....
#.<.....)...'......
#.J.........#......
#..O........#......
#.@.###............
##...###....######..
#?...........# .
#............#
##############


You could see an ogre and a jelly.

Vanquished Creatures
  A black bear (D:4)
  2 phantoms (D:4)
  A scorpion (D:4)
  Ijyb (D:3)
  An iguana (D:4)
  3 worker ants
  3 gnolls (D:4)
  7 adders
  An ooze (D:2)
  An adder skeleton (D:4)
  2 worms (D:3)
  A dart slug (D:3)
  3 orcs
  A ball python (D:2)
  7 bats
  6 giant cockroaches
  5 goblins
  6 hobgoblins
  3 quokkas
  8 frilled lizards
  6 kobolds
  7 rats
76 creatures vanquished.

Notes
Turn   | Place    | Note
-------+----------+-------------------------------------------
     0 | D:1      | Monsterracer the Demigod Wizard began the quest for the
                  | Orb.
     0 | D:1      | Reached XP level 1. HP: 14/14 MP: 6/6
    75 | D:1      | Reached skill level 1 in Conjurations
   327 | D:1      | Reached XP level 2. HP: 20/20 MP: 4/8
   655 | D:1      | Reached skill level 2 in Conjurations
   928 | D:2      | HP: 10/20 [kobold/whip (8)]
   941 | D:1      | HP: 5/20 [quokka (5)]
   959 | D:1      | HP: 4/20 [quokka (2)]
  1084 | D:1      | HP: 7/20 [kobold/whip (2)]
  1142 | D:1      | HP: 7/20 [kobold/whip (3)]
  1202 | D:1      | HP: 10/20 [kobold/whip (1)]
  1475 | D:2      | HP: 10/20 [ooze (3)]
  1833 | D:2      | Reached XP level 3. HP: 26/26 MP: 1/9
  1845 | D:2      | Learned a level 2 spell: Blink
  1849 | D:2      | Learned a level 3 spell: Conjure Flame
  1904 | D:2      | Reached skill level 3 in Conjurations
  2371 | D:2      | Reached XP level 4. HP: 19/33 MP: 0/10
  2374 | D:2      | HP: 16/33 [poisoned by a worker ant]
  2380 | D:2      | HP: 12/33 [poisoned by a worker ant]
  2387 | D:2      | HP: 10/33 [poisoned by a worker ant]
  2394 | D:2      | HP: 9/33 [poisoned by a worker ant]
  2402 | D:2      | HP: 8/33 [poisoned by a worker ant]
  3112 | D:3      | Reached skill level 4 in Conjurations
  3116 | D:3      | Noticed Ijyb
  3212 | D:3      | Killed Ijyb
  4289 | D:4      | Reached XP level 5. HP: 38/38 MP: 8/12
  4294 | D:4      | Learned a level 3 spell: Mephitic Cloud
  4429 | D:4      | HP: 19/38 [poisoned by a worker ant]
  4432 | D:4      | HP: 8/38 [poisoned by a worker ant]
  4602 | D:4      | Noticed a phantom
  4629 | D:4      | Killed a phantom
  4629 | D:4      | Reached skill level 5 in Conjurations
  4759 | D:4      | Found a staircase to the Ecumenical Temple.
  4903 | D:4      | Reached XP level 6. HP: 45/45 MP: 6/14
  5357 | D:4      | Reached skill level 6 in Conjurations
  5628 | D:5      | Entered Level 5 of the Dungeon
  5633 | D:5      | HP: 15/45 [acid (8)]
  5634 | D:5      | HP: 5/45 [acid (7)]
  5672 | D:5      | HP: 9/45 [jelly (2)]
  5672 | D:5      | HP: 3/45 [acid (6)]
  5696 | D:5      | Mangled by an ogre

Skill      XL: |  1  2  3  4  5  6 |
---------------+-------------------+-----
Conjurations   | 1 2 3 4 5 6 |  6.1
Spellcasting   | 3 4 |  4.0
Dodging        | |  1.9
Stealth        | |  1.9
Summonings     | |  0.8
Translocations | |  0.8

Action                   |  1- 3 |  4- 6 || total
-------------------------+-------+-------++-------
Melee: Dagger            |     5 |     5 ||    10
       Unarmed           |     4 |     1 ||     5
       Mace              |     3 |    12 ||    15
 Cast: Magic Dart        |   124 |   167 ||   291
  Use: Scroll            |     1 |     8 ||     9
       Potion            |     1 |     1 ||     2
  Eat: Ration            |     1 |       ||     1
       Chunk             |     3 |    10 ||    13
Armor: Robe              |    12 |     6 ||    18
Dodge: Dodged            |    29 |    40 ||    69

Vault maps used:
D:1:      dpeg_arrival_short_road
D:3:      first_ration, uniq_ijyb
D:4:      minmay_temple_entry_junction, lightli_ossuary_entry_decrepit_ruins,
          minmay_cupped
D:5:      kennysheep_mini, uniq_blork_the_orc
